 Dungeon Crawl Stone Soup version 0.20.1-1-g8b1a95d (webtiles) character file.

57430 gobwax the Fencer (level 14, -17/127 HPs)
             Began as a Minotaur Fighter on Sept 8, 2017.
             Was a High Priest of Okawaru.
             Demolished by an enormous slime creature (40 damage)
             ... on level 12 of the Dungeon.
             The game lasted 00:42:00 (16282 turns).

gobwax the Fencer (Minotaur Fighter)               Turns: 16282, Time: 00:42:01

Health: -17/127    AC: 23    Str: 25    XL:     14   Next: 45%
Magic:  3/11       EV: 13    Int:  5    God:    Okawaru [*****.]
Gold:   979        SH: 17    Dex: 11    Spells: 13/13 levels left

rFire    + . .     SeeInvis .   W - +6 long sword
rCold    . . .     Gourm    .   c - +0 shield
rNeg     . . .     Faith    +   Z - +2 ring mail {rF+}
rPois    +         Spirit   .   (helmet restricted)
rElec    .         Reflect  .   J - +0 cloak
rCorr    .         Harm     .   M - +2 pair of gloves {archery}
MR       +....     Rnd*Tele +   w - +2 pair of boots {Fly}
Stlth    ++........             t - amulet of faith
Regen    0.0/turn               u - ring of teleportation (curse)
MPRegen  0.2/turn               B - +3 ring of protection

@: lethally poisoned (-17 -> -19), heroism, finesse, flying
A: retaliatory headbutt, hooves 1, horns 2, blurry vision 1, low mp 1, poison
resistance, inhibited regeneration
a: Heroism, Finesse, Renounce Religion, Stop Flying


You were on level 12 of the Dungeon.
You worshipped Okawaru.
Okawaru was extremely pleased with you.
You were very hungry.

You visited 2 branches of the dungeon, and saw 15 of its levels.
You also visited: Sewer and Bailey.

You collected 979 gold pieces.

Inventory:

Hand Weapons
 v - the +8 great sword of Corruption {vamp, rN+ SInv, unknown}
   (Okawaru gifted it to you on level 11 of the Dungeon)

   It inflicts no extra harm, but heals its wielder when it wounds a living foe.
   It protects you from negative energy.
   It lets you see invisible.
 V - a +5 long sword
 W - a +6 long sword (weapon)
Armour
 c - a +0 shield (worn)
 w - a +2 pair of boots of flying (worn)
 D - a +1 pair of boots
 J - a +0 cloak (worn)
 M - a +2 pair of gloves of archery (worn)
 Z - a +2 ring mail of fire resistance (worn)
Jewellery
 k - an uncursed ring of stealth
 q - an uncursed ring of see invisible
 t - an amulet of faith (around neck)
 u - a cursed ring of teleportation (left hand)
 B - a +3 ring of protection (right hand)
 F - an uncursed amulet of guardian spirit
 T - an uncursed amulet of rage {unknown}
Wands
 l - a wand of iceblast (8/15)
 A - a wand of polymorph (6/24)
 C - a wand of lightning (4/15)
 I - a wand of iceblast (1/15)
 K - a wand of paralysis (6/24)
Scrolls
 a - a scroll of fog {unknown}
 d - a scroll of blinking {unknown}
 e - 4 scrolls of enchant armour
 h - 5 scrolls of remove curse
 i - 8 scrolls of identify
 r - a scroll of silence {unknown}
 y - a scroll of amnesia
 H - 8 scrolls of enchant weapon
 O - a scroll of summoning
Potions
 g - a potion of ambrosia
 o - a potion of resistance
 p - a potion of haste
 x - 8 potions of curing
 z - 4 potions of flight
 Q - a potion of brilliance
Books
 G - a book of Party Tricks

   Spells                             Type                      Level
   a - Summon Butterflies             Summoning                    1
   b - Apportation                    Translocation                1
   c - Lesser Beckoning               Translocation                3
   d - Tukima's Dance                 Hexes                        3
   e - Alistair's Intoxication        Transmutation/Poison         5
   f - Invisibility                   Hexes                        6
Miscellaneous
 Y - a box of beasts
Comestibles
 f - 5 bread rations
 m - 10 royal jellies
 n - 11 fruits
 s - 5 meat rations


   Skills:
 + Level 12.7(17.7) Fighting
 + Level 17.5(22.5) Long Blades
 + Level 12.4(17.4) Armour
 + Level 16.8(21.8) Shields


You had 13 spell levels left.
You didn't know any spells.

Dungeon Overview and Level Annotations

Branches:
Dungeon (15/15)            Temple (1/1) D:7            Lair (0/6) D:11
    Orc (0/2) D:11         Vaults (0/5) D:13         Depths (0/5) D:15

Altars:
Ashenzari
Cheibriados
Dithmenos
Elyvilon
Fedhas
Gozag
Hepliaklqana
Kikubaaqudgha
Makhleb
Nemelex Xobeh
Okawaru
Qazlal
Sif Muna
Trog
Uskayaw
Vehumet
Xom
Yredelemnul
Zin
The Shining One

Shops:
D:10 =   D:13 (   D:14 %

Portals:
Trove: D:11 (give +5 ice dragon scales)


Innate Abilities, Weirdness & Mutations

You reflexively headbutt those who attack you in melee.
You have a pair of horns on your head.
You have large cloven feet.
Scrolls take you a little longer to read.
Your magical capacity is low. (-10% MP)
Your system is resistant to poisons. (rPois)
You do not regenerate when monsters are visible.


Message History

You fail to use your ability.
The yak gores you but does no damage. You block the slime creature's attack.
Two slime creatures merge to form a very large slime creature.
You fail to use your ability.
The slime creature quivers.
You block the yak's attack.
You fail to use your ability.
You block the yak's attack.
Two slime creatures merge to form an enormous slime creature.
You can now deal lightning-fast blows.
You feel like a meek peon again.
You feel sick. The yak barely misses you.
You riposte.
You barely miss the yak.
You feel much better.
The slime creature quivers.
You block the yak's attack.
You gain the combat prowess of a mighty hero.
You block the yak's attack. The enormous slime creature hits you!!!
* * * LOW HITPOINT WARNING * * *
You slash the yak!
The yak is lightly wounded.
The enormous slime creature hits you!!!
You die...

#........# ##.##
#........## #....#
#.........# ......#
##.........# ....o..##
#..........# ........##
##.......... .........#
##..........
.......o.###J.#......##
#......o.#@J#######.##
#......YYY### ..#
#......Y### .#
##.....## #...## #..#
###


You could see an enormous slime creature, a slime creature and 4 yaks.

Vanquished Creatures
  The ghost of Frank the Covert, a journeyman OpMo of Dithmenos (D:10)
  8 two-headed ogres
  2 dancing weapons (D:13)
  2 centaur warriors
  An ogre mage (D:15)
  A tengu warrior (D:13)
  The ghost of Thaneod the Fighter, a novice MiBe of Trog (D:7)
  Sonja (D:14)
  10 skeletal warriors
  2 unseen horrors
  A wizard (D:15)
  4 orc knights (Bailey)
  Pikel (D:5)
  2 orc sorcerers (D:15)
  3 deep elf magi (D:15)
  13 ugly things
  7 cyclopes
  A manticore (D:14)
  Maurice (D:13)
  2 centaur zombies
  4 centaur skeletons
  A gargoyle (D:14)
  A rime drake (shapeshifter) (D:14)
  3 rime drakes (D:14)
  A tengu conjurer (D:13)
  A freezing wraith (D:15)
  3 meliai (D:13)
  4 trolls
  2 slime creatures (D:12)
  A queen bee (D:13)
  A hornet (D:6)
  12 hippogriffs
  A hippogriff (shapeshifter) (D:15)
  A centaur simulacrum (D:14)
  Sigmund (D:3)
  A water elemental (D:15)
  A yak (shapeshifter) (D:13)
  16 yaks
  16 wyverns
  2 basilisks (D:14)
  2 hungry ghosts
  3 vampire mosquitoes (D:15)
  2 soldier ants
  A hell hound (D:14)
  2 water moccasins
  9 orc warriors
  4 porcupines (D:11)
  2 black bears
  Purgy (Sewer)
  3 ice beasts
  3 phantoms
  A hornet zombie (D:15)
  An eye of draining (D:11)
  2 necrophages
  2 sky beasts
  10 ogres
  4 centaurs
  4 crocodiles
  A big kobold (D:12)
  5 bullfrogs
  A wyvern zombie (D:12)
  3 scorpions
  22 killer bees (D:13)
  5 wights (D:15)
  8 crimson imps
  Crazy Yiuf (D:7)
  A bullfrog zombie (D:11)
  5 hounds
  4 jellies
  3 orc priests
  6 orc wizards
  A bullfrog skeleton (D:13)
  Terence (D:3)
  3 iguanas
  8 worker ants
  2 hound zombies
  A worker ant zombie (D:11)
  18 adders
  2 river rats (D:6)
  5 shadow imps
  An adder skeleton (D:5)
  3 worms
  3 dart slugs
  5 leopard geckos
  59 orcs
  3 ball pythons
  15 bats
  4 giant cockroaches
  12 goblins
  10 hobgoblins
  10 jackals
  15 kobolds
  2 quokkas (D:3)
  2 frilled lizards (D:4)
  11 rats
454 creatures vanquished.

Vanquished Creatures (others)
  An adder zombie (D:5)
  A worm (D:5)
  A fungus (D:11)
  2 plants (D:11)
5 creatures vanquished.

Grand Total: 459 creatures vanquished

Notes
Turn   | Place    | Note
-------+----------+-------------------------------------------
     0 | D:1      | gobwax the Minotaur Fighter began the quest for the Orb.
     0 | D:1      | Reached XP level 1. HP: 19/19 MP: 0/0
    50 | D:1      | Reached skill level 3 in Long Blades
   119 | D:1      | Reached XP level 2. HP: 26/26 MP: 1/1
   563 | D:1      | Reached skill level 4 in Long Blades
   876 | D:2      | Reached XP level 3. HP: 21/31 MP: 2/2
  1072 | D:2      | Reached skill level 5 in Long Blades
  1154 | D:2      | Found a burning altar of Makhleb.
  1247 | D:2      | Reached XP level 4. HP: 39/39 MP: 3/3
  1493 | D:3      | Found a glowing golden altar of the Shining One.
  1569 | D:3      | Noticed Terence
  1582 | D:3      | Killed Terence
  1582 | D:3      | Reached skill level 6 in Long Blades
  1718 | D:3      | Reached XP level 5. HP: 45/45 MP: 4/4
  1858 | D:3      | Noticed Sigmund
  1867 | D:3      | Killed Sigmund
  1867 | D:3      | Reached skill level 7 in Long Blades
  1867 | D:3      | Reached XP level 6. HP: 51/51 MP: 5/5
  2079 | D:3      | Reached skill level 8 in Long Blades
  2807 | D:4      | Reached skill level 9 in Long Blades
  2910 | D:4      | Reached XP level 7. HP: 44/57 MP: 6/6
  2944 | D:4      | Found a shattered altar of Ashenzari.
  3154 | D:5      | Entered Level 5 of the Dungeon
  3263 | D:5      | Reached skill level 10 in Long Blades
  3328 | D:5      | Noticed Pikel
  3344 | D:5      | Killed Pikel
  3344 | D:5      | Reached skill level 11 in Long Blades
  3344 | D:5      | Reached XP level 8. HP: 64/64 MP: 7/7
  3404 | D:5      | Got an ancient leather armour
  3415 | D:5      | Identified the cursed +1 leather armour of the Bulwark {-Tele rC++} (You found it on level 5 of the Dungeon)
  3572 | D:5      | Found a snail-covered altar of Cheibriados.
  4198 | D:6      | Noticed a troll
  4210 | D:6      | Killed a troll
  4210 | D:6      | Reached skill level 12 in Long Blades
  4412 | D:6      | Found an opulent altar of Gozag.
  4490 | D:6      | Reached skill level 13 in Long Blades
  4494 | D:6      | Noticed a hippogriff
  4517 | D:6      | Killed a hippogriff
  4585 | D:6      | Reached XP level 9. HP: 57/70 MP: 8/8
  4641 | D:6      | Found a glowing drain.
  4647 | Sewer    | Entered a sewer
  4670 | Sewer    | Noticed Purgy
  4682 | Sewer    | Killed Purgy
  4845 | D:6      | Paralysed by a hornet for 3 turns
  4855 | D:6      | Reached skill level 14 in Long Blades
  5144 | D:6      | Gained mutation: You have a pair of large horns on your head. [mutagenic meat]
  5286 | D:7      | Noticed Thaneod's ghost (novice MiBe)
  5291 | D:7      | Found a staircase to the Ecumenical Temple.
  5317 | Temple   | Entered the Ecumenical Temple
  5691 | Temple   | Became a worshipper of Warmaster Okawaru
  5738 | D:7      | Killed Thaneod's ghost
  5738 | D:7      | Reached * piety under Okawaru
  5738 | D:7      | Reached skill level 15 in Long Blades
  5760 | D:7      | Found a radiant altar of Vehumet.
  5875 | D:7      | Found a stormy altar of Qazlal.
  6049 | D:7      | Found a sparkling altar of Nemelex Xobeh.
  6052 | D:7      | Found a bloodstained altar of Trog.
  6055 | D:7      | Found a hide-covered altar of Uskayaw.
  6062 | D:7      | Reached ** piety under Okawaru
  6062 | D:7      | Reached skill level 16 in Long Blades
  6068 | D:7      | Found a deep blue altar of Sif Muna.
  6118 | D:7      | Found a runed door.
  6235 | D:7      | Noticed Crazy Yiuf
  6242 | D:7      | Killed Crazy Yiuf
  6582 | D:8      | Reached XP level 10. HP: 77/77 MP: 9/9
  6668 | D:8      | You fall through a shaft for 2 floors!
  6668 | D:10     | Entered Level 10 of the Dungeon
  6668 | D:10     | Noticed a two-headed ogre
  6673 | D:10     | Killed a two-headed ogre
  6739 | D:10     | Found Komninn's Jewellery Shop.
  6773 | D:10     | Found a flagged portal.
  6826 | Bailey   | Entered a bailey
  6881 | Bailey   | Reached skill level 17 in Long Blades
  7131 | Bailey   | Reached XP level 11. HP: 82/82 MP: 10/10
  7145 | Bailey   | Noticed an orc knight
  7151 | Bailey   | Reached *** piety under Okawaru
  7153 | Bailey   | Noticed an orc knight
  7153 | Bailey   | Noticed an orc knight
  7163 | Bailey   | Killed an orc knight
  7177 | Bailey   | Killed an orc knight
  7184 | Bailey   | Killed an orc knight
  7184 | Bailey   | Reached skill level 5 in Fighting
  7184 | Bailey   | Reached skill level 5 in Armour
  7188 | Bailey   | Noticed an orc knight
  7200 | Bailey   | Killed an orc knight
  7228 | Bailey   | Noticed an orc knight
  7450 | D:10     | Noticed Frank's ghost (journeyman OpMo)
  7467 | D:10     | Killed Frank's ghost
  7467 | D:10     | Reached **** piety under Okawaru
  7939 | D:10     | Noticed an unseen horror
  7948 | D:10     | Killed an unseen horror
  8604 | D:11     | Found a portal to a secret trove of treasure.
  8626 | D:11     | Noticed a purple ugly thing
  8637 | D:11     | Killed a purple ugly thing
  8852 | D:11     | Reached ***** piety under Okawaru
  8880 | D:11     | Found a staircase to the Lair.
  8891 | D:11     | Reached XP level 12. HP: 97/97 MP: 11/11
  8908 | D:11     | Received a gift from Okawaru
  8909 | D:11     | Got an iridescent great sword {god gift}
  8981 | D:11     | Found a staircase to the Orcish Mines.
  9667 | D:12     | Noticed an eight-headed hydra
  9729 | D:12     | Noticed a two-headed ogre
  9736 | D:12     | Killed a two-headed ogre
 10342 | D:13     | Noticed a tengu warrior
 10357 | D:13     | Killed a tengu warrior
 10672 | D:13     | Found Fashreu's Weapon Shop.
 10677 | D:13     | Received a gift from Okawaru
 10680 | D:13     | Got a twisted robe {god gift}
 10763 | D:13     | Reached skill level 10 in Armour
 10830 | D:13     | Reached ****** piety under Okawaru
 11165 | D:13     | Found a gate to the Vaults.
 11248 | D:13     | Noticed a two-headed ogre
 11255 | D:13     | Killed a two-headed ogre
 11294 | D:13     | Reached XP level 13. HP: 35/113 MP: 9/12
 11299 | D:13     | Reached skill level 10 in Fighting
 11854 | D:13     | Noticed Maurice
 11863 | D:13     | Killed Maurice
 12545 | D:14     | Received a gift from Okawaru
 12841 | D:14     | Noticed Sonja
 12849 | D:14     | Killed Sonja
 12849 | D:14     | Reached skill level 15 in Shields
 12920 | D:14     | Found Siddocs's Food Emporium.
 13184 | D:14     | Lost mutation: You have a pair of large horns on your head. [potion of mutation]
 13184 | D:14     | Gained mutation: You are somewhat resistant to further mutation. [potion of mutation]
 13184 | D:14     | Gained mutation: You tend to lose your temper in combat. [potion of mutation]
 13201 | D:14     | You fall through a shaft!
 13201 | D:15     | Entered Level 15 of the Dungeon
 13381 | D:15     | Lost mutation: You are somewhat resistant to further mutation. [mutagenic meat]
 13819 | D:15     | Found a staircase to the Depths.
 13890 | D:15     | Reached XP level 14. HP: 125/125 MP: 10/13
 14503 | D:14     | Received a gift from Okawaru
 14549 | D:14     | Gained mutation: You have large cloven feet. [mutagenic meat]
 14550 | D:14     | Gained mutation: Your magical capacity is low. (-10% MP) [mutagenic meat]
 14551 | D:14     | Gained mutation: You are frail. (-10% HP) [mutagenic meat]
 14552 | D:14     | Lost mutation: You are frail. (-10% HP) [mutagenic meat]
 14553 | D:14     | Gained mutation: You do not regenerate when monsters are visible. [mutagenic meat]
 14554 | D:14     | Gained mutation: Your system is resistant to poisons. (rPois) [mutagenic meat]
 14555 | D:14     | Lost mutation: You tend to lose your temper in combat. [mutagenic meat]
 14556 | D:14     | Gained mutation: Scrolls take you a little longer to read. [mutagenic meat]
 16282 | D:12     | Demolished by an enormous slime creature

Skill      XL: |  1  2  3  4  5  6  7  8  9 10 11 12 13 14 |
---------------+-------------------------------------------+-----
Long Blades    | 3 4 5 6 7 9 11 13 16 17 | 17.5
Shields        | 11 12 13 16 | 16.8
Fighting       | 6 9 11 12 | 12.7
Armour         | 7 10 12 | 12.4

Action                   |  1- 3 |  4- 6 |  7- 9 | 10-12 | 13-15 || total
-------------------------+-------+-------+-------+-------+-------++-------
Melee: Long sword        |    92 |   169 |   366 |    33 |   658 ||  1318
       Headbutt          |    16 |    19 |    68 |   121 |   182 ||   406
       Scimitar          |       |       |     4 |   487 |       ||   491
Invok: Heroism           |       |       |       |     5 |    17 ||    22
       Finesse           |       |       |       |     3 |    11 ||    14
Evoke: Wand              |       |       |       |    22 |     2 ||    24
  Use: Potion            |       |     4 |     9 |    10 |     7 ||    30
       Scroll            |       |       |     7 |    12 |     1 ||    20
 Stab: Paralysed         |       |       |       |     5 |     5 ||    10
  Eat: Chunk             |     1 |     5 |    14 |    16 |    28 ||    64
       Fruit             |       |       |       |     3 |       ||     3
Armor: Scale mail        |    30 |    29 |       |       |       ||    59
       Plate armour      |       |    38 |   142 |   194 |   104 ||   478
       Skin              |       |    10 |    16 |       |       ||    26
       Ring mail         |       |       |       |       |   135 ||   135
Dodge: Dodged            |    25 |    26 |    35 |    74 |   144 ||   304
Block: Shield            |    44 |    67 |   119 |   229 |   383 ||   842
       Rpst.: Long sword |     5 |     8 |    11 |       |    37 ||    61
       Scimitar          |       |       |       |    11 |       ||    11
